 Dungeon Sprint DCSS version 0.30-a0-381-g6ea064c7b4 (webtiles) character file.

Game seed: 10538043451298766771

43 rocky1 the Trooper (level 3, 0/41 (44) HPs)
             Began as an Ogre Monk on Dec 2, 2022.
             Was a High Priest of Cheibriados.
             Slain by an orc warrior
             ... wielding a +3 dire flail of draining
              (7 damage)
             ... in the Dungeon (Sprint VII: "The Pits").
             The game lasted 00:01:19 (361 turns).

rocky1 the Trooper (Ogre Monk)                       Turns: 361, Time: 00:01:20

HP:   0/41 (44)     AC:  3    Str: 30    XL:     3   Next: 58%
MP:   3/4           EV: 13    Int: 24    God:    Cheibriados [*****.]
Gold: 0             SH:  0    Dex: 24    Spells: 2/2 levels left

rFire   . . .      SeeInvis .    m - +2 mace
rCold   . . .      Faith    .    (no shield)
rNeg    . . .      Spirit   .    b - +0 robe
rPois   .          Reflect  .    (helmet restricted)
rElec   .          Harm     .    (no cloak)
rCorr   .          Rampage  .    (gloves unavailable)
Will    .....      NoTele   +    (boots unavailable)
Stlth   +++.......               (no amulet)
HPRegen 0.26/turn                (no ring)
MPRegen 0.09/turn                (no ring)

@: drained, very slow
A: large, unfitting armour, tough skin 1
a: Renounce Religion, Bend Time, Temporal Distortion, Slouch, Step From Time


You were in the Dungeon.
You worshipped Cheibriados.
Cheibriados was extremely pleased with you.
You visited 1 branch

Inventory:

Hand Weapons
 a - a +0 mace
 m - a +2 mace (weapon)
Armour
 b - a +0 robe (worn)
Scrolls
 i - a scroll of blinking
 k - 5 scrolls of amnesia
 l - a scroll of summoning
Potions
 c - a potion of ambrosia
 d - a potion of curing
 e - a potion of heal wounds
 f - a potion of haste
 g - 4 potions of magic
 h - 3 potions of berserk rage
 j - 2 potions of invisibility


   Skills:
 + Level 6.0 Fighting
 + Level 4.3 Maces & Flails
 + Level 4.3 Dodging
 + Level 1.9 Stealth
 * Level 1.3 Invocations


You had 2 spell levels left.
You didn't know any spells.
Your spell library was empty.

Dungeon Overview and Level Annotations

Branches:
Dungeon (1/1)

Altars:
Ashenzari
Cheibriados
Dithmenos
Elyvilon
Fedhas
Gozag
Hepliaklqana
Kikubaaqudgha
Makhleb
Nemelex Xobeh
Okawaru
Qazlal
Ru
Sif Muna
Trog
Uskayaw
Vehumet
Wu Jian
Xom
Yredelemnul
Zin
The Shining One
Jiyva
Lugonu


Innate Abilities, Weirdness & Mutations

You are too large for most types of armour.
You have tough skin. (AC +1)


Message History

Your Invocations skill increases to level 1!
You hit the orc.
The orc is lightly wounded.
The orc barely misses you.
You completely miss the orc.
The orc is lightly wounded.
The orc closely misses you.
You thump the orc!
You kill the orc!
Cheibriados thoroughly appreciates the change of pace.
Cheibriados raises the support of your attributes as your movement slows.
The orc hits you with a +0 whip.
You hit the orc.
The orc is heavily wounded.
The orc hits you with a +0 whip.
You thump the orc!
You kill the orc!
Cheibriados thoroughly appreciates the change of pace.
Cheibriados raises the support of your attributes as your movement slows.
Your Fighting skill increases to level 6!
Items here: )))) ††.
The orc warrior shouts!
The orc warrior unwields a +3 dire flail of draining.
The orc warrior wields a +0 arbalest.
The orc warrior shoots a bolt.
The bolt barely misses you.
There is an open door here.
The orc warrior unwields a +0 arbalest.
The orc warrior wields a +3 dire flail of draining.
You sense an unholy aura.
The orc warrior hits you with a +3 dire flail of draining!
You feel drained. The orc warrior barely misses you.
You sock the orc warrior!
The orc warrior is moderately wounded.
The orc warrior barely misses you.
You completely miss the orc warrior.
The orc warrior is moderately wounded.
The orc warrior hits you with a +3 dire flail of draining!
* * * LOW HITPOINT WARNING * * *
You feel drained.
You die...

#_________.#
#_________.#
#_______...###########++
##########'##...........
#.?(.')))'.##......#..#.
##########.##...........
#.....).....'...........
#+#####'#####......#..#.
#..).@# #...........
#...o.# ####'#####++
###÷### #.......#
#.....# #.......#
#..†..# #.......#
####†## #...<...#
#...oo..o##.......#
#.....o..##.......#
###########.......#


You could see an orc warrior.

Vanquished Creatures
  A gnoll (D)
  A river rat (D)
  An ufetubus (D)
  4 orcs (D)
  6 jackals (D)
  A quokka (D)
14 creatures vanquished.

Notes
Turn   | Place    | Note
-------+----------+-------------------------------------------
     0 | D        | rocky1 the Ogre Monk began the quest for the Orb.
     0 | D        | Reached XP level 1. HP: 24/24 MP: 1/1
    19 | D        | Found a bloodstained altar of Trog.
    19 | D        | Found a shimmering blue altar of Sif Muna.
    19 | D        | Found a viscous altar of Jiyva.
    19 | D        | Found a hazy altar of Hepliaklqana.
    19 | D        | Found an opulent altar of Gozag.
    20 | D        | Found a glowing golden altar of the Shining One.
    20 | D        | Found a glowing silver altar of Zin.
    20 | D        | Found a basalt altar of Yredelemnul.
    20 | D        | Found a shimmering altar of Xom.
    20 | D        | Found an ornate altar of the Wu Jian Council.
    20 | D        | Found a sacrificial altar of Ru.
    20 | D        | Found a stormy altar of Qazlal.
    20 | D        | Found an iron altar of Okawaru.
    20 | D        | Found a sparkling altar of Nemelex Xobeh.
    20 | D        | Found a burning altar of Makhleb.
    20 | D        | Found a blossoming altar of Fedhas.
    20 | D        | Found a white marble altar of Elyvilon.
    20 | D        | Found a shadowy altar of Dithmenos.
    20 | D        | Found a snail-covered altar of Cheibriados.
    24 | D        | Found a corrupted altar of Lugonu.
    24 | D        | Found a radiant altar of Vehumet.
    25 | D        | Found a broken altar of Ashenzari.
    25 | D        | Found an ancient bone altar of Kikubaaqudgha.
    25 | D        | Found a hide-covered altar of Uskayaw.
    31 | D        | Became a worshipper of Cheibriados the Contemplative
    31 | D        | Reached * piety under Cheibriados
    31 | D        | Reached ** piety under Cheibriados
    71 | D        | Reached XP level 2. HP: 30/33 MP: 2/2
    78 | D        | Reached skill level 5 in Fighting
   125 | D        | Reached *** piety under Cheibriados
   331 | D        | Noticed an orc warrior
   335 | D        | Reached XP level 3. HP: 42/42 MP: 3/3
   337 | D        | Reached **** piety under Cheibriados
   350 | D        | Reached ***** piety under Cheibriados
   351 | D        | Reached skill level 1 in Invocations
   356 | D        | Reached skill level 6 in Fighting
   361 | D        | Slain by an orc warrior

Illustrated notes

Levels and vault maps discovered:
D:        pitsprint [storerooms_1, entrance_room_1, metal_vault_4, armoury_1,
          mini_pit_1, grid_room_1, main_hall_1, silver_pit, the_coven_3,
          the_vestibule_1, steel_vault_2, golden_pit, hallway_of_sentries,
          crystal_vault_4, iron_vault_4, final_vault]

Skill      XL: |  1  2  3 |
---------------+----------+-----
Maces & Flails | 3 4 |  4.3
Dodging        | 3 4 |  4.3
Fighting       | 5 6 |  6.0
Invocations    | 1 |  1.3
Stealth        | |  1.9

Action                   || total
-------------------------++-------
Melee: Mace              ||    41
       Punch             ||     1
 Stab: Sleeping          ||     1
Armor: Robe              ||    14
Dodge: Dodged            ||    41

Table legend: (Time is in decaauts)
 A = Elapsed time spent in this place.
 B = Non-inter-level travel time spent in this place.
 C = Inter-level travel time spent in this place.
 D = Time resting spent in this place.
 E = Time spent auto-exploring this place.
 F = Levels seen in this place.
 G = Mean time per level.
                   A        B        C        D        E       F      G
               +--------+--------+--------+--------+--------+-----+--------+
         Total |    397 |    397 |      0 |    228 |      0 |   1 |  397.0 |
       Dungeon |    397 |    397 |      0 |    228 |      0 |   1 |  397.0 |
               +--------+--------+--------+--------+--------+-----+--------+

Top non-repeatable levels by time:
       D: 397 daAuts
